| TOP OF THE 1ST |
|
Philadelphia Phillies batting - Pitching for Pittsburgh Pirates : LHP Sam Richardson
|
|
Pitching: LHP Sam Richardson
|
|
|
Batting: LHB Nick Canizales
|
0-0: Ground out 4-3 (Groundball, 4M, EV 100.6 MPH)
|
|
Batting: LHB Mike Davis
|
0-0: Foul Ball, location: 2F 0-1: Foul Ball, location: 2F 0-2: Ground out 1-3 (Groundball, 13S, EV 71.9 MPH)
|
|
Batting: RHB Chef Belew
|
0-0: Ball 1-0: Called Strike 1-1: Called Strike 1-2: Ball 2-2: Ball 3-2: Base on Balls
|
|
Batting: RHB Mike Hanks
|
0-0: Called Strike 0-1: Ball 1-1: Ball 2-1: Called Strike 2-2: Foul Ball, location: 2F 2-2: Foul Ball, location: 2F 2-2: Strikes out swinging
|
| Top of the 1st over - 0 runs, 0 hits, 0 errors, 1 left on base; Philadelphia 0 - Pittsburgh 0 |
| BOTTOM OF THE 1ST |
|
Pittsburgh Pirates batting - Pitching for Philadelphia Phillies : RHP Sean Hill
|
|
Pitching: RHP Sean Hill
|
|
|
Batting: LHB Jordan de Jesus
|
0-0: Called Strike 0-1: Foul Ball, location: 2F 0-2: Fly out, F7 (Line Drive, 78S, EV 106.2 MPH)
|
|
Batting: LHB Micah Boshnjaku
|
0-0: Ball 1-0: Ball 2-0: Called Strike 2-1: Fly out, F8 (Flyball, 89M, EV 83.1 MPH)
|
|
Batting: LHB Xavier Pittman
|
0-0: Ball 1-0: Swinging Strike 1-1: Ball 2-1: Swinging Strike 2-2: Ball 3-2: Strikes out swinging
|
| Bottom of the 1st over - 0 runs, 0 hits, 0 errors, 0 left on base; Philadelphia 0 - Pittsburgh 0 |
| TOP OF THE 2ND |
|
Philadelphia Phillies batting - Pitching for Pittsburgh Pirates : LHP Sam Richardson
|
|
Batting: LHB Osamu Kubo
|
0-0: Called Strike 0-1: Foul Ball, location: 2F 0-2: Fly out, F7 (Flyball, 7D, EV 103.1 MPH)
|
|
Batting: RHB Josh Hensley
|
0-0: Ball 1-0: Foul Ball, location: 2F 1-1: Ball 2-1: Ball 3-1: Called Strike 3-2: Base on Balls
|
|
Batting: LHB Jim Beaver
|
0-0: Called Strike 0-1: Ball 1-1: Ball 2-1: Foul Ball, location: 2F 2-2: Fly out, F7 (Flyball, 7LS, EV 90.6 MPH)
|
|
Batting: SHB Phuck II
|
0-0: Fly out, F3 (Popup, 3S, EV 73.8 MPH)
|
| Top of the 2nd over - 0 runs, 0 hits, 0 errors, 1 left on base; Philadelphia 0 - Pittsburgh 0 |
| BOTTOM OF THE 2ND |
|
Pittsburgh Pirates batting - Pitching for Philadelphia Phillies : RHP Sean Hill
|
|
Batting: LHB Nick Rooney
|
0-0: Called Strike 0-1: Ball 1-1: Swinging Strike 1-2: Ball 2-2: Ball 3-2: Foul Ball, location: 2F 3-2: Base on Balls
|
|
Batting: RHB David Contreras
|
0-0: Called Strike 0-1: Grounds into double play, 6-4-3 (Groundball, 6, EV 85.0 MPH)
|
|
Batting: SHB Jack Andrews
|
0-0: Fly out, F6 (Popup, 6MS, EV 78.8 MPH)
|
| Bottom of the 2nd over - 0 runs, 0 hits, 0 errors, 0 left on base; Philadelphia 0 - Pittsburgh 0 |
| TOP OF THE 3RD |
|
Philadelphia Phillies batting - Pitching for Pittsburgh Pirates : LHP Sam Richardson
|
|
Batting: LHB Cody Schumacher
|
0-0: Ball 1-0: Ball 2-0: Foul Ball, location: 2F 2-1: Ball 3-1: SINGLE (Line Drive, 9LS, EV 103.8 MPH)
|
|
Batting: LHB Nick Canizales
|
0-0: Foul Ball, location: 2F 0-1: Ball 1-1: SINGLE (Line Drive, 56D, EV 100.6 MPH) Cody Schumacher to second
|
|
Batting: LHB Mike Davis
|
0-0: Called Strike 0-1: SINGLE (Line Drive, 9S, EV 106.2 MPH) Cody Schumacher to third Nick Canizales to second Runner from 3rd tries for Home, SAFE, throw by RF to home
|
|
Batting: RHB Chef Belew
|
0-0: DOUBLE (Line Drive, 3D, EV 99.4 MPH) Nick Canizales scores Mike Davis to third Runner from 3rd tries for Home, SAFE, no throw by RF
|
|
Batting: RHB Mike Hanks
|
0-0: SINGLE (Groundball, 56D, EV 98.8 MPH) Chef Belew to third
|
|
Batting: LHB Osamu Kubo
|
0-0: Called Strike 0-1: Ball 1-1: Called Strike 1-2: Ball 2-2: Ball 3-2: Strikes out swinging
|
|
Batting: RHB Josh Hensley
|
0-0: Called Strike 0-1: Ball 1-1: Foul Ball, location: 2F 1-2: Ball 2-2: Fly out, F7 (Flyball, 7LM, EV 90.6 MPH) Runner from 3rd tags up, OUT at HOME! 7-2
|
| Top of the 3rd over - 3 runs, 5 hits, 0 errors, 1 left on base; Philadelphia 3 - Pittsburgh 0 |
| BOTTOM OF THE 3RD |
|
Pittsburgh Pirates batting - Pitching for Philadelphia Phillies : RHP Sean Hill
|
|
Batting: RHB Jason Moss
|
0-0: Ball 1-0: Called Strike 1-1: Ground out U3 (Groundball, 34, EV 99.4 MPH)
|
|
Batting: LHB Sammy Roddenberry
|
0-0: SINGLE (Flyball, 78S, EV 95.6 MPH)
|
|
Batting: SHB Trevor Weareorwear
|
0-0: Ball 1-0: Fly out, F9 (Line Drive, 9LM, EV 91.2 MPH)
|
|
Batting: LHB Jordan de Jesus
|
0-0: Called Strike 0-1: Called Strike 0-2: SINGLE (Line Drive, 34D, EV 98.8 MPH) Sammy Roddenberry to second Runner from 2nd tries for 3rd, SAFE, no throw by RF
|
|
Batting: LHB Micah Boshnjaku
|
0-0: Swinging Strike 0-1: Ball 1-1: SINGLE (Groundball, 5, EV 103.8 MPH) (infield hit) Sammy Roddenberry scores Jordan de Jesus to second
|
|
Batting: LHB Xavier Pittman
|
0-0: Ball Wild Pitch! Jordan de Jesus to third Micah Boshnjaku to second 1-0: Ball 2-0: Ball 3-0: Called Strike 3-1: Base on Balls
|
|
Batting: LHB Nick Rooney
|
0-0: Foul Ball, location: 2F 0-1: Ball 1-1: Swinging Strike 1-2: Foul Ball, location: 2F 1-2: Ball 2-2: Ball 3-2: Base on Balls Jordan de Jesus scores Micah Boshnjaku to third Xavier Pittman to second
|
|
Batting: RHB David Contreras
|
0-0: Called Strike 0-1: Ball 1-1: Ball 2-1: Ball 3-1: Fly out, F9 (Line Drive, 89D, EV 96.9 MPH)
|
| Bottom of the 3rd over - 2 runs, 3 hits, 0 errors, 3 left on base; Philadelphia 3 - Pittsburgh 2 |
| TOP OF THE 4TH |
|
Philadelphia Phillies batting - Pitching for Pittsburgh Pirates : LHP Sam Richardson
|
|
Batting: LHB Jim Beaver
|
0-0: Called Strike 0-1: Foul Ball, location: 2F 0-2: Ball 1-2: Ground out 4-3 (Groundball, 4, EV 91.2 MPH)
|
|
Batting: SHB Phuck II
|
0-0: Ball 1-0: Called Strike 1-1: Ball 2-1: Called Strike 2-2: Foul Ball, location: 2F 2-2: Ball 3-2: Foul Ball, location: 2F 3-2: Fly out, F8 (Line Drive, 8RM, EV 93.1 MPH)
|
|
Batting: LHB Cody Schumacher
|
0-0: Swinging Strike 0-1: Ball 1-1: Ball 2-1: Called Strike 2-2: SINGLE (Groundball, 25, EV 77.5 MPH) (infield hit)
|
|
Batting: LHB Nick Canizales
|
0-0: Ground out U3 (Groundball, 3, EV 103.8 MPH)
|
| Top of the 4th over - 0 runs, 1 hit, 0 errors, 1 left on base; Philadelphia 3 - Pittsburgh 2 |
| BOTTOM OF THE 4TH |
|
Pittsburgh Pirates batting - Pitching for Philadelphia Phillies : RHP Sean Hill
|
|
Batting: SHB Jack Andrews
|
0-0: Foul Ball, location: 2F 0-1: Foul Ball, location: 2F 0-2: Ball 1-2: Fly out, F8 (Flyball, 89M, EV 90.0 MPH)
|
|
Batting: RHB Jason Moss
|
0-0: Called Strike 0-1: Foul Ball, location: 2F 0-2: Ball 1-2: Ground out 2-3 (Groundball, 2L, EV 64.4 MPH)
|
|
Batting: LHB Sammy Roddenberry
|
0-0: Called Strike 0-1: Foul Ball, location: 2F 0-2: Ground out 4-3 (Groundball, 4M, EV 85.0 MPH)
|
| Bottom of the 4th over - 0 runs, 0 hits, 0 errors, 0 left on base; Philadelphia 3 - Pittsburgh 2 |
| TOP OF THE 5TH |
|
Philadelphia Phillies batting - Pitching for Pittsburgh Pirates : LHP Sam Richardson
|
|
Batting: LHB Mike Davis
|
0-0: Called Strike 0-1: Called Strike 0-2: Ball 1-2: Ball 2-2: Foul Ball, location: 2F 2-2: Ground out U3 (Groundball, 34, EV 89.4 MPH)
|
|
Batting: RHB Chef Belew
|
0-0: Ground out 5-3 (Groundball, 5L, EV 107.5 MPH)
|
|
Batting: RHB Mike Hanks
|
0-0: Ball 1-0: Called Strike 1-1: Ball 2-1: Ball 3-1: Swinging Strike 3-2: Foul Ball, location: 2F 3-2: Strikes out swinging
|
| Top of the 5th over - 0 runs, 0 hits, 0 errors, 0 left on base; Philadelphia 3 - Pittsburgh 2 |
| BOTTOM OF THE 5TH |
|
Pittsburgh Pirates batting - Pitching for Philadelphia Phillies : RHP Sean Hill
|
|
Batting: SHB Trevor Weareorwear
|
0-0: Ground out 4-3 (Groundball, 4, EV 81.2 MPH)
|
|
Batting: LHB Jordan de Jesus
|
0-0: Ground out 5-3 (Groundball, 25, EV 83.8 MPH)
|
|
Batting: LHB Micah Boshnjaku
|
0-0: Foul Ball, location: 2F 0-1: Ball 1-1: Ball 2-1: Ball 3-1: Fly out, F8 (Flyball, 78M, EV 76.9 MPH)
|
| Bottom of the 5th over - 0 runs, 0 hits, 0 errors, 0 left on base; Philadelphia 3 - Pittsburgh 2 |
| TOP OF THE 6TH |
|
Philadelphia Phillies batting - Pitching for Pittsburgh Pirates : LHP Sam Richardson
|
|
Batting: LHB Osamu Kubo
|
0-0: Ball 1-0: Ball 2-0: Ball 3-0: Called Strike 3-1: Swinging Strike 3-2: Strikes out swinging
|
|
Batting: RHB Josh Hensley
|
0-0: Ball 1-0: Ball 2-0: Called Strike 2-1: Ground out 6-3 (Groundball, P, EV 81.9 MPH)
|
|
Batting: LHB Jim Beaver
|
0-0: Ball 1-0: Ball 2-0: Fly out, F3 (Popup, 3SF, EV 74.4 MPH)
|
| Top of the 6th over - 0 runs, 0 hits, 0 errors, 0 left on base; Philadelphia 3 - Pittsburgh 2 |
| BOTTOM OF THE 6TH |
|
Pittsburgh Pirates batting - Pitching for Philadelphia Phillies : RHP Sean Hill
|
|
Batting: LHB Xavier Pittman
|
0-0: Ball 1-0: Foul Ball, location: 2F 1-1: Ball 2-1: Foul Ball, location: 2F 2-2: Ball 3-2: Ground out 4-3 (Groundball, 4, EV 108.1 MPH)
|
|
Batting: LHB Nick Rooney
|
0-0: Ball 1-0: SINGLE (Line Drive, 7S, EV 93.1 MPH)
|
|
Batting: RHB David Contreras
|
0-0: Called Strike 0-1: Ball 1-1: Ball 2-1: Foul Ball, location: 2F 2-2: Ball 3-2: Grounds into double play, 6-4-3 (Groundball, 6MD, EV 86.2 MPH)
|
| Bottom of the 6th over - 0 runs, 1 hit, 0 errors, 0 left on base; Philadelphia 3 - Pittsburgh 2 |
| TOP OF THE 7TH |
|
Philadelphia Phillies batting - Pitching for Pittsburgh Pirates : LHP Sam Richardson
|
|
Batting: SHB Phuck II
|
0-0: Ball 1-0: Ball 2-0: Swinging Strike 2-1: Ground out 6-3 (Groundball, 6S, EV 63.8 MPH)
|
|
Batting: LHB Cody Schumacher
|
0-0: Fly out, F9 (Flyball, 9LS, EV 90.0 MPH)
|
|
Batting: LHB Nick Canizales
|
0-0: SINGLE (Line Drive, 7LM, EV 105.6 MPH)
|
|
Pitching: LHP Tim Wichman
|
|
|
Batting: LHB Mike Davis
|
0-0: Called Strike 0-1: Ground out 1-3 (Groundball, 34S, EV 76.9 MPH)
|
| Top of the 7th over - 0 runs, 1 hit, 0 errors, 1 left on base; Philadelphia 3 - Pittsburgh 2 |
| BOTTOM OF THE 7TH |
|
Pittsburgh Pirates batting - Pitching for Philadelphia Phillies : RHP Sean Hill
|
|
Batting: SHB Jack Andrews
|
0-0: Ball 1-0: DOUBLE (Line Drive, 89D, EV 110.0 MPH)
|
|
Pinch Hitting: LHB Chris Salim
|
0-0: Ball 1-0: Foul Ball, location: 2F 1-1: Ball 2-1: Foul Ball, location: 2F 2-2: Ground out 6-3 (Groundball, 6, EV 101.9 MPH)
|
|
Batting: LHB Sammy Roddenberry
|
0-0: Ball 1-0: Ball 2-0: Called Strike 2-1: SINGLE (Groundball, 6D, EV 101.2 MPH) Jack Andrews to third Runner from 3rd tries for Home, SAFE, throw by LF to home
|
|
Pitching: RHP Andy Burchfield
|
|
|
Batting: SHB Trevor Weareorwear
|
0-0: Foul Ball, location: 2F 0-1: DOUBLE (Groundball, 5L, EV 106.2 MPH) Sammy Roddenberry to third Runner from 3rd tries for Home, SAFE, throw by LF to trailing runner, SAFE at third!
|
|
Batting: LHB Jordan de Jesus
|
0-0: Ball 1-0: Called Strike 1-1: Called Strike 1-2: Ground out U3 (Groundball, 3L, EV 86.2 MPH)
|
|
Batting: LHB Micah Boshnjaku
|
0-0: Foul Ball, location: 2F 0-1: SINGLE (Groundball, 4MS, EV 66.2 MPH) (infield hit) Trevor Weareorwear scores
|
|
Batting: LHB Xavier Pittman
|
0-0: Ball 1-0: Ball 2-0: Ball 3-0: Swinging Strike 3-1: Called Strike 3-2: Foul Ball, location: 2F 3-2: Foul Ball, location: 2F 3-2: Strikes out swinging
|
| Bottom of the 7th over - 3 runs, 4 hits, 0 errors, 1 left on base; Philadelphia 3 - Pittsburgh 5 |
| TOP OF THE 8TH |
|
Philadelphia Phillies batting - Pitching for Pittsburgh Pirates : LHP Tim Wichman
|
|
Now in LF: Chris Salim
|
|
|
Batting: RHB Chef Belew
|
0-0: Called Strike 0-1: Ball 1-1: Foul Ball, location: 2F 1-2: Ball 2-2: Strikes out swinging
|
|
Batting: RHB Mike Hanks
|
0-0: Called Strike 0-1: Ball 1-1: Foul Ball, location: 2F 1-2: Foul Ball, location: 2F 1-2: Strikes out swinging
|
|
Batting: LHB Osamu Kubo
|
0-0: Ball 1-0: Called Strike 1-1: Ball 2-1: Foul Ball, location: 2F 2-2: Fly out, F8 (Flyball, 8RD, EV 93.1 MPH)
|
| Top of the 8th over - 0 runs, 0 hits, 0 errors, 0 left on base; Philadelphia 3 - Pittsburgh 5 |
| BOTTOM OF THE 8TH |
|
Pittsburgh Pirates batting - Pitching for Philadelphia Phillies : RHP Andy Burchfield
|
|
Batting: LHB Nick Rooney
|
0-0: Called Strike 0-1: Called Strike 0-2: Ball 1-2: Foul Ball, location: 2F 1-2: Strikes out swinging
|
|
Batting: RHB David Contreras
|
0-0: Ball 1-0: SOLO HOME RUN (Line Drive, 7D, EV 98.8 MPH), Distance : 394 ft
|
|
Batting: SHB Jack Andrews
|
0-0: Ball 1-0: Ball 2-0: Foul Ball, location: 2F 2-1: SINGLE (Groundball, 4MS, EV 73.1 MPH) (infield hit)
|
|
Batting: LHB Chris Salim
|
0-0: Ball 1-0: Grounds into double play, 4-6-3 (Groundball, 4, EV 83.1 MPH)
|
| Bottom of the 8th over - 1 run, 2 hits, 0 errors, 0 left on base; Philadelphia 3 - Pittsburgh 6 |
| TOP OF THE 9TH |
|
Philadelphia Phillies batting - Pitching for Pittsburgh Pirates : LHP Tim Wichman
|
|
Pitching: LHP Jimmy Vanthournoutingtonle
|
|
|
Batting: RHB Josh Hensley
|
0-0: Ball 1-0: Swinging Strike 1-1: Called Strike 1-2: Ball 2-2: Strikes out looking
|
|
Pinch Hitting: RHB Carlos Morejon
|
0-0: Called Strike 0-1: Ball 1-1: Ball 2-1: Ball 3-1: Called Strike 3-2: Base on Balls
|
|
Batting: SHB Phuck II
|
0-0: Ball 1-0: Foul Ball, location: 2F 1-1: Swinging Strike 1-2: Strikes out swinging
|
|
Pinch Hitting: RHB Quintin Parker
|
0-0: Called Strike 0-1: Ball 1-1: Ball 2-1: Ball 3-1: Called Strike 3-2: Foul Ball, location: 2F 3-2: Foul Ball, location: 2F 3-2: Base on Balls Carlos Morejon to second
|
|
Pitching: RHP Josh Ambrose
|
|
|
Batting: LHB Nick Canizales
|
0-0: Called Strike 0-1: Called Strike 0-2: Strikes out looking
|
| Top of the 9th over - 0 runs, 0 hits, 0 errors, 2 left on base; Philadelphia 3 - Pittsburgh 6 |
|